 Dungeon Crawl Stone Soup version 0.27-a0-1196-g3e9cee4cb2 (webtiles) character file.

Game seed: 4667489013888848927

2581 Tocho the Fighter (level 9, -9/97 HPs)
             Began as an Ogre Berserker on May 30, 2021.
             Was an Initiate of Sif Muna.
             Killed from afar by Pikel (10 damage)
             ... with a puff of flame
             ... on level 7 of the Dungeon.
             The game lasted 00:18:09 (11428 turns).

Tocho the Fighter (Ogre Berserker)                 Turns: 11428, Time: 00:18:11

Health: -9/97      AC:  5    Str: 25    XL:     9   Next: 58%
Magic:  9/9        EV: 11    Int: 15    God:    Sif Muna [......]
Gold:   325        SH:  0    Dex:  8    Spells: 8/8 levels left

rFire    . . .     SeeInvis .   h - +0 executioner's axe (vorpal)
rCold    . . .     Faith    +   (shield currently unavailable)
rNeg     + . .     Spirit   .   f - +2 robe {rN+}
rPois    .         Reflect  .   (helmet restricted)
rElec    .         Harm     .   (no cloak)
rCorr    .         Rampage  .   (gloves unavailable)
Will     .....                  (boots unavailable)
Stlth    +.........             n - amulet of faith
HPRegen  0.26/turn              l - +6 ring of intelligence
MPRegen  0.11/turn              (no ring)

@: no status effects
A: large, unfitting armour, tough skin 1
a: Renounce Religion


You were on level 7 of the Dungeon.
You worshipped Sif Muna.
Sif Muna was noncommittal.
You visited 2 branches of the dungeon, and saw 8 of its levels.

You collected 325 gold pieces.

Inventory:

Hand Weapons
 a - a +0 hand axe
 h - a +0 vorpal executioner's axe (weapon)
 r - a +3 spear of flaming
Missiles
 i - a curare-tipped dart
 w - 6 datura-tipped darts
 A - 9 poisoned darts
Armour
 b - a +0 animal skin
 f - a +2 robe of positive energy (worn)
Jewellery
 l - a +6 ring of intelligence (left hand)
 n - an amulet of faith (around neck)
Wands
 m - a wand of polymorph (6)
 p - a wand of paralysis (10)
 v - a wand of flame (28)
Scrolls
 d - 4 scrolls of immolation {unknown}
 e - a scroll of brand weapon {unknown}
 j - a scroll of teleportation
 o - a scroll of magic mapping
 t - a scroll of noise {unknown}
 u - a scroll of blinking {unknown}
 y - 3 scrolls of amnesia
Potions
 c - 2 potions of heal wounds {unknown}
 g - 2 potions of haste {unknown}
 k - a potion of attraction {unknown}
 q - a potion of mutation {unknown}
 s - 3 potions of curing
 x - a potion of might {unknown}
 z - a potion of berserk rage {unknown}


   Skills:
 + Level 8.5 Fighting
 + Level 7.0(8.5) Axes
 + Level 7.4(8.7) Polearms
 + Level 5.7 Dodging
 - Level 0.5 Stealth


You had 8 spell levels left.
You didn't know any spells.
Your spell library contained the following spells:

 Spells                   Type           Power      Damage    Failure   Level
 Beastly Appendage        Tmut           0%         N/A       26%         1
 Corona                   Hex            0%         N/A       26%         1
 Ensorcelled Hibernation  Hex/Ice        0%         N/A       38%         2
 Wereblood                Tmut           0%         N/A       38%         2
 Confusing Touch          Hex            0%         N/A       63%         3
 Dazzling Flash           Conj/Hex       0%         N/A       63%         3
 Gell's Gravitas          Tloc           0%         N/A       63%         3
 Spider Form              Tmut/Pois      0%         N/A       63%         3
 Tukima's Dance           Hex            0%         N/A       63%         3
 Ice Form                 Ice/Tmut       0%         N/A       95%         4
 Petrify                  Tmut/Erth      0%         N/A       95%         4
 Hydra Form               Tmut           0%         N/A       100%        5
 Metabolic Englaciation   Hex/Ice        0%         N/A       100%        5
 Yara's Violent Unravell  Hex/Tmut       0%         3d3       100%        5


Dungeon Overview and Level Annotations

Branches:
Dungeon (7/15)             Temple (1/1) D:6

Altars:
Ashenzari
Cheibriados
Dithmenos
Elyvilon
Fedhas
Gozag
Hepliaklqana
Kikubaaqudgha
Makhleb
Nemelex Xobeh
Qazlal
Ru
Sif Muna
Trog
Uskayaw
Vehumet
Wu Jian
Xom
Yredelemnul
Zin
The Shining One

Shops:
D:6 [

Annotations:
D:7 Pikel


Innate Abilities, Weirdness & Mutations

You are too large for most types of armour.
You have tough skin. (AC +1)


Message History

You feel sick. The water moccasin barely misses you.
You feel sick.
You feel sick.
The water moccasin bites you but does no damage.
It was a potion of curing.
You feel better.
The water moccasin bites you but does no damage.
You closely miss the water moccasin. The water moccasin bites you. x2
* * * LOW HITPOINT WARNING * * *
Pikel says, "I'm sure they'll be treated well, anyway."
You slice the water moccasin!!
You kill the water moccasin!
Sif Muna accepts your kill.
Your base Axes skill increases to level 7!
You miss the lemure. You barely miss Pikel. Pikel completely misses you.
Pikel closely misses you.
You slice Pikel!!
Pikel is severely wounded.
Pikel hits you with a +0 whip of freezing!
* * * LOW HITPOINT WARNING * * *
Pikel freezes you.
* * * LOW HITPOINT WARNING * * *
You closely miss Pikel.
Pikel is severely wounded.
Pikel zaps a wand.
The puff of flame hits you!
* * * LOW HITPOINT WARNING * * *
Pikel hits you with a +0 whip of freezing.
* * * LOW HITPOINT WARNING * * *
Pikel freezes you.
* * * LOW HITPOINT WARNING * * *
You barely miss Pikel.
Pikel is severely wounded.
Pikel closely misses you.
You hit Pikel.
Pikel is severely wounded.
Pikel hits you with a +0 whip of freezing.
* * * LOW HITPOINT WARNING * * *
Pikel freezes you.
* * * LOW HITPOINT WARNING * * *
Pikel zaps a wand.
The puff of flame hits you!
You die...

##............** #...####.#*
*** ###.......##...#*#......(.#
###.####.#..###..#...####.##
#..## *#..## *#....## #..# ...#
**...#* ##.#..## ##)## ...#
*,....###.###..## #..## ...##
**,........# ##..###...#
....#**,,,,#.....#
##.....######
####....,,,,..##@##
##..#####..# *##..,,,,##*##K##
#..# ##...# *,.,,,** #55# ##..#
#....# * *,,,,,*
#55###...###...## * **,,,,,***
##.......##...## **
**,,**,,,,*####.....#..)...#
,***,,*****,,................##
,,,,,,* *,,................#
,,,*,,* *,..............#..####


You could see Pikel and 4 lemures.

Vanquished Creatures
  Sigmund (D:2)
  2 steam dragons
  A water moccasin (D:7)
  3 orc warriors
  A black bear (D:5)
  An ice beast (D:4)
  3 necrophages
  The ghost of Wyvernaa the Poker, an amateur DsGl (D:4)
  2 centaurs
  A phantom (D:6)
  A kobold brigand (D:6)
  2 scorpions
  A wight (D:6)
  2 bullfrog zombies
  3 hounds
  2 jellies
  3 orc priests
  3 bullfrog skeletons (D:5)
  An iguana (D:6)
  A centaur skeleton (D:6)
  Natasha (thrice) (D:3)
  3 orc wizards (D:6)
  A hound skeleton (D:5)
  4 gnolls (D:2)
  4 adders
  A shadow imp (D:5)
  A white imp (D:7)
  2 ufetubi (D:5)
  2 worms
  A dart slug (D:5)
  21 orcs
  7 ball pythons
  4 bats
  5 endoplasms
  2 giant cockroaches
  6 goblins
  4 hobgoblins
  5 quokkas
  3 frilled lizards
  4 kobolds
  3 rats
121 creatures vanquished.

Notes
Turn   | Place    | Note
-------+----------+-------------------------------------------
     0 | D:1      | Tocho the Ogre Berserker began the quest for the Orb.
     0 | D:1      | Reached XP level 1. HP: 24/24 MP: 1/1
   285 | D:1      | Reached XP level 2. HP: 30/32 MP: 2/2
   818 | D:2      | Reached XP level 3. HP: 38/40 MP: 3/3
   902 | D:2      | Noticed Sigmund
   910 | D:2      | Killed Sigmund
   911 | D:2      | Reached skill level 5 in Fighting
   911 | D:2      | Reached XP level 4. HP: 7/50 MP: 4/4
   911 | D:2      | Reached XP level 5. HP: 8/58 MP: 5/5
  1902 | D:2      | Found a faded altar of an unknown god.
  2275 | D:3      | Reached XP level 6. HP: 65/67 MP: 6/6
  2304 | D:3      | Noticed Natasha
  2309 | D:3      | Killed Natasha
  2315 | D:3      | Reached skill level 6 in Fighting
  2366 | D:3      | Noticed Natasha
  2376 | D:3      | Killed Natasha
  2376 | D:3      | Reached ** piety under Trog
  2930 | D:3      | Noticed Natasha
  2945 | D:3      | Killed Natasha
  2946 | D:3      | Reached skill level 5 in Axes
  3245 | D:4      | Found a shimmering altar of Xom.
  3246 | D:4      | Found a hide-covered altar of Uskayaw.
  3659 | D:4      | Noticed a necrophage
  3671 | D:4      | Killed a necrophage
  3672 | D:4      | Reached XP level 7. HP: 61/76 MP: 7/7
  4780 | D:4      | Found a runed translucent door.
  4782 | D:4      | Noticed Wyvernaa's ghost (amateur DsGl)
  5058 | D:4      | Killed Wyvernaa's ghost
  5353 | D:5      | Entered Level 5 of the Dungeon
  5572 | D:5      | Reached skill level 7 in Fighting
  5572 | D:5      | Reached skill level 1 in Polearms
  5628 | D:5      | Found a shadowy altar of Dithmenos.
  5919 | D:5      | Reached XP level 8. HP: 63/87 MP: 8/8
  6667 | D:6      | Reached skill level 5 in Dodging
  6671 | D:6      | Reached *** piety under Trog
  6936 | D:6      | Reached skill level 5 in Polearms
  7012 | D:6      | Found a staircase to the Ecumenical Temple.
  7199 | D:6      | Reached XP level 9. HP: 77/94 MP: 9/9
  7560 | D:6      | Found Poxtasm's Antique Armour Emporium.
  8403 | D:6      | Identified a scroll of acquirement
  8403 | D:6      | Acquired a +0 vorpal executioner's axe
  8472 | D:6      | Reached skill level 8 in Fighting
  9889 | Temple   | Entered the Ecumenical Temple
 11109 | Temple   | Fell from the grace of Trog
 11109 | Temple   | Became a worshipper of Sif Muna the Loreminder
 11385 | D:7      | Noticed Pikel
 11428 | D:7      | HP: 3/97 [Pikel/+0 whip of freezing (5)]
 11428 | D:7      | HP: 1/97 [Pikel/+0 whip of freezing (2)]
 11428 | D:7      | Killed from afar by Pikel

Illustrated notes

Levels and vault maps discovered:
D:1:      lightli_arrival_quake, layout_basic
D:2:      layout_basic, hellmonk_ecumenical_altar_crossroads,
          kennysheep_pointless_box, minmay_box_of_dots, uniq_sigmund
D:3:      layout_loops_cross, minmay_misc_feat_more_columns, uniq_natasha
D:4:      layout_basic, minitemple, ebering_ghost_reflecting_pool
D:5:      layout_loops_corners, nicolae_dithmenos_the_darkroom,
          kennysheep_generic_room_16
D:6:      minmay_chambers_of_fours, layout_rooms, temple_fountains,
          serial_shops, kennysheep_mini_moat
D:7:      layout_layer_cave, uniq_pikel
Temple:   compressed_dpeg_circular_temple

Skill      XL: |  1  2  3  4  5  6  7  8  9 |
---------------+----------------------------+-----
Fighting       | 5 6 7 8 |  8.5
Axes           | 4 5 6 7 |  7.0
Dodging        | 3 4 5 |  5.7
Polearms       | 1 6 7 |  7.4
Stealth        | |  0.5

Action                   |  1- 3 |  4- 6 |  7- 9 || total
-------------------------+-------+-------+-------++-------
Melee: Hand axe          |    46 |   127 |    41 ||   214
       Spear             |       |       |   269 ||   269
       Executioner's axe |       |       |    46 ||    46
Invok: Berserk           |     1 |       |     8 ||     9
       Trog's Hand       |       |       |     1 ||     1
  Use: Scroll            |       |       |     9 ||     9
       Potion            |       |       |     1 ||     1
 Stab: Sleeping          |     1 |     1 |       ||     2
       Distracted        |       |       |     1 ||     1
Armor: Animal skin       |    13 |       |       ||    13
       Robe              |       |    39 |    62 ||   101
Dodge: Dodged            |    25 |    74 |   151 ||   250

Table legend: (Time is in decaauts)
 A = Elapsed time spent in this place.
 B = Non-inter-level travel time spent in this place.
 C = Inter-level travel time spent in this place.
 D = Time resting spent in this place.
 E = Time spent auto-exploring this place.
 F = Levels seen in this place.
 G = Mean time per level.
                   A        B        C        D        E       F      G
               +--------+--------+--------+--------+--------+-----+--------+
         Total |  11508 |  10296 |   1212 |   2573 |   6106 |   8 | 1438.5 |
       Dungeon |  11137 |   9984 |   1153 |   2508 |   6106 |   7 | 1591.0 |
        Temple |    371 |    312 |     59 |     64 |      0 |   1 |  371.0 |
               +--------+--------+--------+--------+--------+-----+--------+

Top non-repeatable levels by time:
     D:4: 2597 daAuts
     D:6: 2294 daAuts
     D:2: 1836 daAuts
     D:7: 1576 daAuts
     D:5: 1545 daAuts
     D:3: 841 daAuts
     D:1: 446 daAuts
  Temple: 371 daAuts
